| TOP OF THE 1ST |
|
Batavia Muckdogs batting - Pitching for Auburn Doubledays : LHP Manny Aguilera
|
|
Pitching: LHP Manny Aguilera
|
|
|
Batting: RHB Calvin Morin
|
0-0: Ball 1-0: Foul Ball, location: 2F 1-1: Foul Ball, location: 2F 1-2: Foul Ball, location: 2F 1-2: Reached on error, E5 (Groundball, 5, EV 102.5 MPH)
|
|
Batting: LHB David Doge
|
0-0: Called Strike 0-1: Ball 1-1: Fly out, F7 (Flyball, 7, EV 93.1 MPH)
|
|
Batting: RHB Jim Fisher
|
0-0: SINGLE (Groundball, 34D, EV 104.4 MPH) Calvin Morin to second Calvin Morin to third
|
|
Batting: RHB Len Graham
|
0-0: Ball 1-0: Ball 2-0: Called Strike 2-1: Ball 3-1: Called Strike 3-2: Foul Ball, location: 2F 3-2: Base on Balls Jim Fisher to second
|
|
Batting: LHB Ryan Thompson
|
0-0: Ball 1-0: Foul Ball, location: 2F 1-1: Called Strike 1-2: Ball 2-2: Strikes out swinging
|
|
Batting: RHB Nate Crofts
|
0-0: Ball 1-0: Ground out 4-3 (Groundball, 4S, EV 93.8 MPH)
|
| Top of the 1st over - 0 runs, 1 hit, 1 error, 3 left on base; Batavia 0 - Auburn 0 |
| BOTTOM OF THE 1ST |
|
Auburn Doubledays batting - Pitching for Batavia Muckdogs : RHP James Bitner
|
|
Pitching: RHP James Bitner
|
|
|
Batting: LHB Mike Condon
|
0-0: Ball 1-0: Ball 2-0: Ball 3-0: Foul Ball, location: 2F 3-1: Foul Ball, location: 2F 3-2: Base on Balls
|
|
Batting: LHB Elias Posada
|
0-0: Ball 1-0: Ball 2-0: Called Strike 2-1: SINGLE (Groundball, P, EV 93.1 MPH) (infield hit) Mike Condon to second
|
|
Batting: RHB Slavik Nebrodov
|
0-0: Ball Wild Pitch! Mike Condon to third Elias Posada to second 1-0: Swinging Strike 1-1: Ball Wild Pitch! Mike Condon scores Elias Posada to third 2-1: 2-RUN HOME RUN (Flyball, 7LD, EV 92.5 MPH), Distance : 352 ft
|
|
Batting: LHB John Luke
|
0-0: Called Strike 0-1: Ball 1-1: Ball 2-1: Foul Ball, location: 2F 2-2: Ball 3-2: Base on Balls
|
|
Batting: RHB Ryan Hiemer
|
0-0: Fly out, F8 (Flyball, 89XD, EV 95.0 MPH)
|
|
Batting: LHB Yoshiya Kurokawa
|
0-0: Foul Ball, location: 2F 0-1: Ball 1-1: Foul Ball, location: 2F 1-2: Fly out, F7 (Flyball, 7LS, EV 88.8 MPH)
|
|
Batting: RHB Isaiah Seme
|
0-0: Ball 1-0: Ball 2-0: SINGLE (Groundball, 4S, EV 75.0 MPH) (infield hit) John Luke to second
|
|
Batting: RHB Jon Hill
|
0-0: Ball 1-0: Ball 2-0: Ball 3-0: Called Strike 3-1: Base on Balls John Luke to third Isaiah Seme to second
|
|
Pitching: RHP Scott Feltham
|
|
|
Batting: RHB David Rojas
|
0-0: Ball 1-0: Ball 2-0: Ball 3-0: Base on Balls John Luke scores Isaiah Seme to third Jon Hill to second
|
|
Batting: LHB Mike Condon
|
0-0: Ball 1-0: Swinging Strike 1-1: Ball 2-1: Swinging Strike 2-2: Ball 3-2: Base on Balls Isaiah Seme scores Jon Hill to third David Rojas to second
|
|
Batting: LHB Elias Posada
|
0-0: Ball 1-0: Ball 2-0: Called Strike 2-1: Ball 3-1: Called Strike 3-2: Foul Ball, location: 2F 3-2: Base on Balls Jon Hill scores David Rojas to third Mike Condon to second
|
|
Batting: RHB Slavik Nebrodov
|
0-0: Swinging Strike 0-1: Called Strike 0-2: Ball 1-2: Foul Ball, location: 2F 1-2: DOUBLE (Groundball, 5L, EV 103.1 MPH) David Rojas scores Mike Condon scores Elias Posada to third
|
|
Pitching: RHP Alex Garza
|
|
|
Batting: LHB John Luke
|
0-0: Ball 1-0: Swinging Strike 1-1: Ball 2-1: Foul Ball, location: 2F 2-2: Ball 3-2: Fly out, F7 (Flyball, 7, EV 86.9 MPH)
|
| Bottom of the 1st over - 8 runs, 4 hits, 0 errors, 2 left on base; Batavia 0 - Auburn 8 |
| TOP OF THE 2ND |
|
Batavia Muckdogs batting - Pitching for Auburn Doubledays : LHP Manny Aguilera
|
|
Batting: RHB Hiromitsu Yamada
|
0-0: Ball 1-0: Called Strike 1-1: Swinging Strike 1-2: Ball 2-2: Foul Ball, location: 2F 2-2: Foul Ball, location: 2F 2-2: Foul Ball, location: 2F 2-2: Strikes out swinging
|
|
Batting: RHB Jeremy Dennis
|
0-0: Ground out 5-3 (Groundball, 5S, EV 88.8 MPH)
|
|
Batting: RHB Larry LeFever
|
0-0: Called Strike 0-1: Ball 1-1: Swinging Strike 1-2: Ball 2-2: Ball 3-2: Base on Balls
|
|
Batting: RHB Calvin Morin
|
0-0: Foul Ball, location: 2F 0-1: Ball 1-1: Fielders Choice at 2nd, 6-4 (Groundball, 6, EV 87.5 MPH)
|
| Top of the 2nd over - 0 runs, 0 hits, 0 errors, 1 left on base; Batavia 0 - Auburn 8 |
| BOTTOM OF THE 2ND |
|
Auburn Doubledays batting - Pitching for Batavia Muckdogs : RHP Alex Garza
|
|
Batting: RHB Ryan Hiemer
|
0-0: Ball 1-0: Called Strike 1-1: Ground out 6-3 (Groundball, 6, EV 81.9 MPH)
|
|
Batting: LHB Yoshiya Kurokawa
|
0-0: Ball 1-0: Ground out 4-3 (Groundball, 4, EV 83.1 MPH)
|
|
Batting: RHB Isaiah Seme
|
0-0: Ball 1-0: Ball 2-0: SINGLE (Line Drive, 9S, EV 111.3 MPH)
|
|
Batting: RHB Jon Hill
|
0-0: Swinging Strike 0-1: Called Strike 0-2: Foul Ball, location: 2F 0-2: Ball 1-2: Ball 2-2: Strikes out swinging
|
| Bottom of the 2nd over - 0 runs, 1 hit, 0 errors, 1 left on base; Batavia 0 - Auburn 8 |
| TOP OF THE 3RD |
|
Batavia Muckdogs batting - Pitching for Auburn Doubledays : LHP Manny Aguilera
|
|
Batting: LHB David Doge
|
0-0: Foul Ball, location: 2F 0-1: Swinging Strike 0-2: Foul Ball, location: 2F 0-2: Strikes out swinging
|
|
Batting: RHB Jim Fisher
|
0-0: Ground out 1-3 (Groundball, 13S, EV 71.3 MPH)
|
|
Batting: RHB Len Graham
|
0-0: Ball 1-0: Called Strike 1-1: Ball 2-1: Ball 3-1: Base on Balls
|
|
Batting: LHB Ryan Thompson
|
0-0: Called Strike 0-1: Ball 1-1: Ball 2-1: Ball 3-1: Called Strike 3-2: Foul Ball, location: 2F 3-2: Ground out U3 (Groundball, 3S, EV 67.5 MPH)
|
| Top of the 3rd over - 0 runs, 0 hits, 0 errors, 1 left on base; Batavia 0 - Auburn 8 |
| BOTTOM OF THE 3RD |
|
Auburn Doubledays batting - Pitching for Batavia Muckdogs : RHP Alex Garza
|
|
Pitching: RHP Giampaolo Nobile
|
|
|
Batting: RHB David Rojas
|
0-0: Called Strike 0-1: Called Strike 0-2: Ball 1-2: Foul Ball, location: 2F 1-2: Ball 2-2: Ball 3-2: Strikes out looking
|
|
Batting: LHB Mike Condon
|
0-0: Foul Ball, location: 2F 0-1: Called Strike 0-2: Fly out, F7 (Flyball, 78XD, EV 112.5 MPH)
|
|
Batting: LHB Elias Posada
|
0-0: Ball 1-0: Called Strike 1-1: Ball 2-1: Ball 3-1: Base on Balls
|
|
Batting: RHB Slavik Nebrodov
|
0-0: Ball 1-0: Ball 2-0: Called Strike 2-1: Foul Ball, location: 2F 2-2: Ball 3-2: Base on Balls Elias Posada to second
|
|
Pitching: RHP Ryan Babbitt
|
|
|
Batting: LHB John Luke
|
0-0: Foul Ball, location: 2F 0-1: Ball 1-1: Foul Ball, location: 2F 1-2: SINGLE (Groundball, 34S, EV 64.4 MPH) (infield hit) Elias Posada to third Slavik Nebrodov to second
|
|
Batting: RHB Ryan Hiemer
|
0-0: Ball 1-0: Swinging Strike 1-1: Foul Ball, location: 2F 1-2: DOUBLE (Line Drive, 3D, EV 95.0 MPH) Elias Posada scores Slavik Nebrodov scores John Luke to third
|
|
Batting: LHB Yoshiya Kurokawa
|
0-0: Called Strike 0-1: Ball 1-1: Fly out, F9 (Flyball, 9, EV 80.0 MPH)
|
| Bottom of the 3rd over - 2 runs, 2 hits, 0 errors, 2 left on base; Batavia 0 - Auburn 10 |
| TOP OF THE 4TH |
|
Batavia Muckdogs batting - Pitching for Auburn Doubledays : LHP Manny Aguilera
|
|
Batting: RHB Nate Crofts
|
0-0: Ball 1-0: Swinging Strike 1-1: Ball 2-1: Ball 3-1: Called Strike 3-2: Foul Ball, location: 2F 3-2: Base on Balls
|
|
Batting: RHB Hiromitsu Yamada
|
0-0: Called Strike 0-1: Ball 1-1: Ball 2-1: Ball 3-1: Base on Balls Nate Crofts to second
|
|
Batting: RHB Jeremy Dennis
|
0-0: Called Strike 0-1: Ball 1-1: Called Strike 1-2: Ball Wild Pitch! Nate Crofts to third Hiromitsu Yamada to second 2-2: Ground out 5-3 (Groundball, 56, EV 81.3 MPH) Nate Crofts scores
|
|
Batting: RHB Larry LeFever
|
0-0: Ball 1-0: Fly out, F7 (Flyball, 7LM, EV 90.6 MPH)
|
|
Batting: RHB Calvin Morin
|
0-0: Swinging Strike 0-1: SINGLE (Line Drive, 78M, EV 93.1 MPH) Hiromitsu Yamada to third
|
|
Batting: LHB David Doge
|
0-0: Ball 1-0: Called Strike 1-1: Fly out, F6 (Popup, P, EV 84.4 MPH)
|
| Top of the 4th over - 1 run, 1 hit, 0 errors, 2 left on base; Batavia 1 - Auburn 10 |
| BOTTOM OF THE 4TH |
|
Auburn Doubledays batting - Pitching for Batavia Muckdogs : RHP Ryan Babbitt
|
|
Batting: RHB Isaiah Seme
|
0-0: SINGLE (Groundball, 6M, EV 106.9 MPH) (infield hit)
|
|
Batting: RHB Jon Hill
|
0-0: Ball 1-0: Foul Ball, location: 2F 1-1: Foul Ball, location: 2F 1-2: Fly out, F8 (Flyball, 8RM, EV 80.0 MPH)
|
|
Batting: RHB David Rojas
|
0-0: Ball 1-0: Fielders Choice at 2nd, 5-4 (Groundball, 5, EV 77.5 MPH)
|
|
Batting: LHB Mike Condon
|
0-0: Called Strike 0-1: Fielders Choice at 2nd, 6-4 (Groundball, 6, EV 105.6 MPH)
|
| Bottom of the 4th over - 0 runs, 1 hit, 0 errors, 1 left on base; Batavia 1 - Auburn 10 |
| TOP OF THE 5TH |
|
Batavia Muckdogs batting - Pitching for Auburn Doubledays : LHP Manny Aguilera
|
|
Batting: RHB Jim Fisher
|
0-0: Ball 1-0: Ball 2-0: Ball 3-0: Foul Ball, location: 2F 3-1: Foul Ball, location: 2F 3-2: Foul Ball, location: 2F 3-2: SINGLE (Groundball, 4MD, EV 98.1 MPH)
|
|
Batting: RHB Len Graham
|
0-0: Ball 1-0: Ball 2-0: Called Strike 2-1: Foul Ball, location: 2F 2-2: Foul Ball, location: 2F 2-2: Foul Ball, location: 2F 2-2: Ground out 5-3 (Groundball, 5S, EV 66.9 MPH) Jim Fisher to second
|
|
Pitching: RHP Luis Galvez
|
|
|
Batting: LHB Ryan Thompson
|
0-0: Hit by Pitch
|
|
Batting: RHB Nate Crofts
|
0-0: Fly out, F8 (Flyball, 89XD, EV 98.8 MPH) Runner from 2nd tags up, SAFE at 3rd, no throw by CF
|
|
Batting: RHB Hiromitsu Yamada
|
0-0: DOUBLE (Line Drive, 7LS, EV 99.4 MPH) Jim Fisher scores Ryan Thompson to third Runner from 3rd tries for Home, SAFE, no throw by LF
|
|
Batting: RHB Jeremy Dennis
|
0-0: Ball 1-0: Called Strike 1-1: Called Strike 1-2: Foul Ball, location: 2F 1-2: Ground out 6-3 (Groundball, 6, EV 93.1 MPH)
|
| Top of the 5th over - 2 runs, 2 hits, 0 errors, 1 left on base; Batavia 3 - Auburn 10 |
| BOTTOM OF THE 5TH |
|
Auburn Doubledays batting - Pitching for Batavia Muckdogs : RHP Ryan Babbitt
|
|
Batting: LHB Elias Posada
|
0-0: Called Strike 0-1: Foul Ball, location: 2F 0-2: Foul Ball, location: 2F 0-2: Ball 1-2: Strikes out swinging
|
|
Batting: RHB Slavik Nebrodov
|
0-0: Swinging Strike 0-1: Swinging Strike 0-2: Foul Ball, location: 2F 0-2: Ball 1-2: Ball 2-2: Ball 3-2: Strikes out swinging
|
|
Batting: LHB John Luke
|
0-0: Ball 1-0: DOUBLE (Flyball, 78XD, EV 102.5 MPH)
|
|
Batting: RHB Ryan Hiemer
|
0-0: Called Strike 0-1: Ball 1-1: Ball 2-1: Called Strike 2-2: SINGLE (Line Drive, 89S, EV 97.5 MPH) John Luke to third
|
|
Batting: LHB Yoshiya Kurokawa
|
0-0: Ball 1-0: DOUBLE (Groundball, 5L, EV 93.8 MPH) John Luke scores Ryan Hiemer to third Runner from 3rd tries for Home, SAFE, throw by LF to home
|
|
Batting: RHB Isaiah Seme
|
0-0: Called Strike 0-1: Foul Ball, location: 2F 0-2: Ball 1-2: Strikes out swinging
|
| Bottom of the 5th over - 2 runs, 3 hits, 0 errors, 1 left on base; Batavia 3 - Auburn 12 |
| TOP OF THE 6TH |
|
Batavia Muckdogs batting - Pitching for Auburn Doubledays : RHP Luis Galvez
|
|
Batting: RHB Larry LeFever
|
0-0: Ball 1-0: Foul Ball, location: 2F 1-1: Called Strike 1-2: Ball 2-2: Strikes out looking
|
|
Batting: RHB Calvin Morin
|
0-0: Ball 1-0: Ball 2-0: Ball 3-0: Called Strike 3-1: Called Strike 3-2: Ground out 5-3 (Groundball, 56S, EV 86.9 MPH)
|
|
Batting: LHB David Doge
|
0-0: Ball 1-0: Ball 2-0: Ball 3-0: Called Strike 3-1: Base on Balls
|
|
Batting: RHB Jim Fisher
|
0-0: Ball 1-0: Called Strike 1-1: Called Strike 1-2: Ground out 4-3 (Groundball, 4S, EV 85.0 MPH)
|
| Top of the 6th over - 0 runs, 0 hits, 0 errors, 1 left on base; Batavia 3 - Auburn 12 |
| BOTTOM OF THE 6TH |
|
Auburn Doubledays batting - Pitching for Batavia Muckdogs : RHP Ryan Babbitt
|
|
Batting: RHB Jon Hill
|
0-0: Fly out, F3 (Line Drive, 3, EV 66.3 MPH)
|
|
Batting: RHB David Rojas
|
0-0: Ball 1-0: DOUBLE (Flyball, 8RD, EV 103.8 MPH)
|
|
Batting: LHB Mike Condon
|
0-0: Ball 1-0: Swinging Strike 1-1: Ball 2-1: Ball 3-1: Base on Balls
|
|
Batting: LHB Elias Posada
|
0-0: Foul Ball, location: 2F 0-1: Ball 1-1: Called Strike 1-2: Ball 2-2: Ball 3-2: Foul Ball, location: 2F 3-2: Base on Balls David Rojas to third Mike Condon to second
|
|
Batting: RHB Slavik Nebrodov
|
0-0: Ball 1-0: Ball 2-0: Called Strike 2-1: Foul Ball, location: 2F 2-2: SINGLE (Line Drive, 8LS, EV 108.8 MPH) David Rojas scores Mike Condon to third Elias Posada to second
|
|
Pitching: RHP Mario Barraza
|
|
|
Batting: LHB John Luke
|
0-0: Foul Ball, location: 2F 0-1: Ball 1-1: SINGLE (Line Drive, 7S, EV 95.0 MPH) Mike Condon scores Elias Posada to third Slavik Nebrodov to second Runner from 3rd tries for Home, SAFE, throw by LF to home
|
|
Batting: RHB Ryan Hiemer
|
0-0: Foul Ball, location: 2F 0-1: Fly out, F8 (Line Drive, 8LD, EV 97.5 MPH)
|
|
Batting: LHB Yoshiya Kurokawa
|
0-0: Fielders Choice at 2nd, 6-4 (Groundball, 6, EV 87.5 MPH)
|
| Bottom of the 6th over - 3 runs, 3 hits, 0 errors, 2 left on base; Batavia 3 - Auburn 15 |
| TOP OF THE 7TH |
|
Batavia Muckdogs batting - Pitching for Auburn Doubledays : RHP Luis Galvez
|
|
Batting: RHB Len Graham
|
0-0: Ball 1-0: Swinging Strike 1-1: SINGLE (Line Drive, 8RS, EV 92.5 MPH)
|
|
Batting: LHB Ryan Thompson
|
0-0: Ball 1-0: Foul Ball, location: 2F 1-1: Foul Ball, location: 2F 1-2: Foul Ball, location: 2F 1-2: Strikes out swinging
|
|
Pitching: RHP Steve Barnes
|
|
|
Batting: RHB Nate Crofts
|
0-0: Ball 1-0: Called Strike 1-1: Ball 2-1: Ball Len Graham steals 2nd base 3-1: Called Strike 3-2: Strikes out swinging
|
|
Batting: RHB Hiromitsu Yamada
|
0-0: Swinging Strike 0-1: Called Strike 0-2: Ball 1-2: Ball 2-2: Ball 3-2: Strikes out swinging
|
| Top of the 7th over - 0 runs, 1 hit, 0 errors, 1 left on base; Batavia 3 - Auburn 15 |
| BOTTOM OF THE 7TH |
|
Auburn Doubledays batting - Pitching for Batavia Muckdogs : RHP Mario Barraza
|
|
Batting: RHB Isaiah Seme
|
0-0: SINGLE (Groundball, 6S, EV 73.8 MPH) (infield hit)
|
|
Batting: RHB Jon Hill
|
0-0: Called Strike 0-1: Grounds into double play, 4-6-3 (Groundball, 4, EV 89.4 MPH)
|
|
Batting: RHB David Rojas
|
0-0: Ball 1-0: Ball 2-0: Called Strike 2-1: Ball 3-1: Ground out 1-3 (Groundball, 15, EV 72.5 MPH)
|
| Bottom of the 7th over - 0 runs, 1 hit, 0 errors, 0 left on base; Batavia 3 - Auburn 15 |
| TOP OF THE 8TH |
|
Batavia Muckdogs batting - Pitching for Auburn Doubledays : RHP Steve Barnes
|
|
Pinch Hitting: LHB Andrew van Dongen
|
0-0: Ball 1-0: Called Strike 1-1: Swinging Strike 1-2: Ball 2-2: Foul Ball, location: 2F 2-2: SINGLE (Flyball, 56D, EV 88.1 MPH)
|
|
Pinch Hitting: LHB Carlos Mosqueda
|
0-0: Called Strike 0-1: Swinging Strike 0-2: Strikes out swinging
|
|
Pinch Hitting: SHB Dan Zink
|
0-0: Foul Ball, location: 2F 0-1: Foul Ball, location: 2F 0-2: Foul Ball, location: 2F 0-2: Foul Ball, location: 2F 0-2: Ball 1-2: Fly out, F5 (Popup, 56S, EV 76.3 MPH)
|
|
Batting: LHB David Doge
|
0-0: Fielders Choice at 2nd, 5-4 (Groundball, 56, EV 109.4 MPH)
|
| Top of the 8th over - 0 runs, 1 hit, 0 errors, 1 left on base; Batavia 3 - Auburn 15 |
| BOTTOM OF THE 8TH |
|
Auburn Doubledays batting - Pitching for Batavia Muckdogs : RHP Mario Barraza
|
|
Now at 3B: Jose Aviles
|
|
|
Now at SS: Ryuki Ogasawara
|
|
|
Now in CF: David Doge
|
|
|
Now in RF: Dan Zink
|
|
|
Batting: LHB Mike Condon
|
0-0: Ball 1-0: Ball 2-0: Ball 3-0: Called Strike 3-1: Ground out 6-3 (Groundball, 6S, EV 75.0 MPH)
|
|
Batting: LHB Elias Posada
|
0-0: Called Strike 0-1: Ball 1-1: Foul Ball, location: 2F 1-2: Foul Ball, location: 2F 1-2: Ball 2-2: Ball 3-2: Base on Balls
|
|
Batting: RHB Slavik Nebrodov
|
0-0: Ball 1-0: Grounds into double play, 6-4-3 (Groundball, 6, EV 104.4 MPH)
|
| Bottom of the 8th over - 0 runs, 0 hits, 0 errors, 0 left on base; Batavia 3 - Auburn 15 |
| TOP OF THE 9TH |
|
Batavia Muckdogs batting - Pitching for Auburn Doubledays : RHP Steve Barnes
|
|
Batting: RHB Jim Fisher
|
0-0: Ball 1-0: Called Strike 1-1: Swinging Strike 1-2: Ball 2-2: Strikes out looking
|
|
Batting: RHB Len Graham
|
0-0: Ball 1-0: Ball 2-0: Ball 3-0: Called Strike 3-1: Ground out 2-3 (Groundball, 15S, EV 63.8 MPH)
|
|
Batting: LHB Ryan Thompson
|
0-0: Ball 1-0: Swinging Strike 1-1: Foul Ball, location: 2F 1-2: Ball 2-2: Ground out U3 (Groundball, 3L, EV 84.4 MPH)
|
| Top of the 9th over - 0 runs, 0 hits, 0 errors, 0 left on base; Batavia 3 - Auburn 15 |
|